 Dungeon Crawl Stone Soup version 0.29.1-12-g30fa7ad0bf (webtiles) character file.

Game seed: 4649493492260263782

61 hawla the Chiller (level 4, -2/33 HPs)
             Began as a Meteoran Ice Elementalist on Dec 24, 2022.
             Slain by a bullfrog (7 damage)
             ... on level 3 of the Dungeon.
             The game lasted 00:02:29 (361 turns).

hawla the Chiller (Meteoran Ice Elementalist)        Turns: 361, Time: 00:02:30

Health: -2/33      AC:  2    Str: 10    XL:     4   Next: 51%
Magic:  0/10       EV: 12    Int: 18    God:
Gold:   6          SH:  0    Dex: 14    Spells: 2/10 levels left

rFire   . . .      SeeInvis .   (no weapon)
rCold   . . .      Faith    .   (no shield)
rNeg    . . .      Spirit   .   a - +0 robe
rPois   .          Reflect  .   (no helmet)
rElec   .          Harm     .   (no cloak)
rCorr   .          Rampage  .   (no gloves)
Will    .....                   (no boots)
Stlth   +.........              (no amulet)
HPRegen 0.11/turn               (no ring)
MPRegen 0.12/turn               (no ring)

@: freezing walls, glowing
A: sense surroundings 1, otherworldly, glowing, explore regen
a: no special abilities


You were on level 3 of the Dungeon.
You visited 1 branch of the dungeon, and saw 4 of its levels.

You collected 6 gold pieces.

Inventory:

Armour
 a - a +0 robe (worn)
Scrolls
 c - a scroll of vulnerability {unknown}
 d - a scroll of magic mapping {unknown}
Potions
 b - a potion of magic


   Skills:
 - Level 2.6 Dodging
 - Level 1.4 Stealth
 - Level 3.6 Spellcasting
 + Level 1.3 Conjurations
 - Level 5.2 Ice Magic


You had 2 spell levels left.
You knew the following spells:

 Your Spells              Type           Power      Damage    Failure   Level
a - Freeze                Ice            88%        1d10      1%          1
b - Frozen Ramparts       Ice            44%        1d7       5%          3
c - Hailstorm             Conj/Ice       15%        3d5       36%         4

Your spell library contained the following spells:

 Spells                   Type           Power      Damage    Failure   Level
 Magic Dart               Conj           32%        1d4       9%          1
 Searing Ray              Conj           16%        2d5       13%         2
 Ozocubu's Armour         Ice            22%        N/A       5%          3
 Fulminant Prism          Conj/Hex       2%         3d6       75%         4


Dungeon Overview and Level Annotations

Branches:
Dungeon (4/15) Zot: 2038
 Temple: D:4-7

Altars:
Qazlal
Ru


Innate Abilities, Weirdness & Mutations

You passively map a small area around you.
You are easily found by Zot.
You glow in the dark.
You regain HP and MP as you explore.


Message History

Confirm with . or Enter, or press ? or * to list all spells.
Casting: Frozen Ramparts (dangerous; 5% risk of failure)
Press: ? - help, Dir - look around, f - activate The walls around you are covered in ice.
You feel sick.
The wall freezes the bullfrog.
The bullfrog seems to slow down.
The bullfrog hits you.
The wall freezes the adder.
The adder bites you.
The wall freezes the bullfrog.
The bullfrog hits you.
The wall freezes the adder.
The adder seems to slow down.
The adder bites you but does no damage.
Casting: Frozen Ramparts (dangerous; 5% risk of failure)
Confirm with . or Enter, or press ? or * to list all spells.
Aiming: Freeze (safe; 1% risk of failure)
Press: ? - help, Shift-Dir - straight line, f - adder
Aim: an adder (severely wounded, slow)
You freeze the adder!
You kill the adder!
You feel sick.
The wall freezes the bullfrog.
The bullfrog hits you.
* * * LOW HITPOINT WARNING * * *
Your Conjurations skill increases to level 1!
Casting: Freeze (safe; 1% risk of failure)
Confirm with . or Enter, or press ? or * to list all spells.
Aiming: Freeze (safe; 1% risk of failure)
Press: ? - help, Shift-Dir - straight line, f - bullfrog
Aim: a bullfrog (moderately wounded, slow)
You freeze the bullfrog.
The bullfrog is heavily wounded.
The bullfrog seems to slow down.
You feel sick.
You are no longer poisoned.
The wall freezes the bullfrog.
The bullfrog seems to slow down.
The bullfrog misses you.
Casting: Freeze (safe; 1% risk of failure)
Confirm with . or Enter, or press ? or * to list all spells.
Aiming: Freeze (safe; 1% risk of failure)
Press: ? - help, Shift-Dir - straight line, f/p - bullfrog
Aim: a bullfrog (heavily wounded, slow)
You freeze the bullfrog!
The bullfrog is almost dead.
The wall freezes the bullfrog.
The bullfrog seems to slow down.
The bullfrog hits you!
You die...

* , , .........# ..#.. *
#.........# ..#.. ,
#.........##..... ,*
#.........#...... , *
#..............## , *
#.............##. , *
#........$..###.. *
########...........#E#..
.......@F..........###..
,
,#....###.........##.....
#.., #.........##...._
*#* * ############.....
,, ######### ####.. * ,
8, #.......##### #E#.. ,
#...........# ###..
#...........# #.# , *
#...........# #<#


You could see a bullfrog (slow).

Vanquished Creatures
  An iguana (D:3)
  2 adders
  A worm (D:3)
  An orc (D:3)
  An endoplasm (D:3)
  A giant cockroach (D:3)
  A goblin (D:2)
  2 kobolds (D:2)
  5 ball pythons
  A bat (D:3)
  2 frilled lizards
18 creatures vanquished.

Vanquished Creatures (others)
  A fungus (D:2)
  5 plants
6 creatures vanquished.

Grand Total: 24 creatures vanquished

Notes
Turn   | Place    | Note
-------+----------+-------------------------------------------
     0 | D:1      | hawla the Meteoran Ice Elementalist began the quest for the
                  | Orb.
     0 | D:1      | Reached XP level 1. HP: 14/14 MP: 5/5
    19 | D:2      | Reached XP level 2. HP: 9/20 MP: 0/6
   117 | D:3      | Found a stormy altar of Qazlal.
   118 | D:3      | Noticed a water elemental
   119 | D:3      | Noticed a fire elemental
   119 | D:3      | Noticed an earth elemental
   119 | D:3      | Noticed an air elemental
   132 | D:4      | Noticed a black bear
   161 | D:3      | Reached XP level 3. HP: 26/26 MP: 6/8
   165 | D:3      | Learned a level 3 spell: Frozen Ramparts
   222 | D:3      | Reached skill level 5 in Ice Magic
   232 | D:3      | Found a sacrificial altar of Ru.
   324 | D:3      | Reached XP level 4. HP: 24/33 MP: 4/10
   329 | D:3      | Learned a level 4 spell: Hailstorm
   347 | D:3      | Noticed a bullfrog
   360 | D:3      | Reached skill level 1 in Conjurations
   361 | D:3      | Slain by a bullfrog

Illustrated notes

Levels and vault maps discovered:
D:1:      dpeg_arrival_leaves_temple_mockup, layout_basic,
          kennysheep_small_spiral, minmay_pentomino_p4
D:2:      layout_basic, shapermc_ecumenical_altar_mp_ritualfount,
          kennysheep_generic_room_14
D:3:      layout_basic, nicolae_ru_the_path_less_chosen,
          nicolae_qazlal_style_of_elements, wad_floor_pattern_untrapped,
          hangedman_glass_teeth, grunt_decor_mini_mirrors, grunt_ministairs_3,
          hangedman_decor_push
D:4:      layout_rooms, demons_altar, kennysheep_vampire_church

Skill      XL: |  1  2  3  4 |
---------------+-------------+-----
Spellcasting   | 3 |  3.6
Ice Magic      | 5 |  5.2
Conjurations   | 1 |  1.3
Dodging        | |  2.6
Stealth        | |  1.4

Action                   |  1- 3 |  4- 6 || total
-------------------------+-------+-------++-------
Melee: Unarmed           |     4 |       ||     4
 Cast: Freeze            |    22 |     5 ||    27
       Frozen Ramparts   |     4 |     2 ||     6
Armor: Robe              |     6 |     2 ||     8
Dodge: Dodged            |     8 |     7 ||    15
